Map: Ephemeron LE

Players

Scarlett - Winner!

  • Race: Zerg Zerg
  • Spawn Location: 11:00

BackupI

  • Race: Terran Terran
  • Spawn Location: 5:00

VOD

Have the link to the VOD?

Description

Time

  • Played on: Sept. 6, 2019, 7:56 p.m.
  • Length: 9:21
Show
View Real Time Build Order
Export as new Build Order

Scarlett Zerg - Winner!

Build Orders: Hatch First 

Get SALT Encoding   

  12  0:00  Drone  
  13  0:12  Overlord  
  13  0:18  Drone  
  14  0:30  Drone x2  
  16  0:47  Hatchery  
  15  0:51  Drone  
  15  0:55  Drone  
  17  0:58  Drone  
  18  1:09  Extractor  
  17  1:13  Spawning Pool  
  17  1:16  Drone  
  17  1:20  Drone  
  18  1:28  Drone  
  19  1:39  Drone  
  20  1:49  Drone  
  21  2:00  Queen x2  
  21  2:01  Zergling x4  
  27  2:13  Hatchery  
  26  2:18  Overlord  
  26  2:23  Drone  
  26  2:25  Drone  
  28  2:42  Drone x3  
  30  2:47  Roach Warren  
  28  2:54  Overlord, Drone  
  29  3:02  Overlord  
  29  3:05  Drone x2  
  35  3:27  Roach x5  
  35  3:29  Roach x2  
  35  3:31  Roach  
  47  3:38  Overlord, Drone  
  47  3:40  Drone  
  49  3:53  Overlord, Drone x4  
  53  3:58  Ravager  
  53  3:59  Ravager  
  55  4:04  Queen  
  55  4:09  Drone x4  
  56  4:19  Drone x4  
  51  4:34  Overlord, Drone x4  
  55  4:48  Overlord  
  55  4:49  Drone x4  
  57  4:55  Ravager  
  58  5:11  Overlord, Drone x3  
  58  5:12  Drone x6  
  60  5:19  Overlord  
  60  5:20  Drone x2  
  60  5:21  Queen  
  58  5:24  Queen  
  56  5:28  Metabolic Boost  
  56  5:29  Drone  
  57  5:37  Drone x5  
  62  5:47  Queen  
  62  5:49  Drone x5  
  69  5:51  Extractor  
  69  5:52  Drone x2, Extractor  
  69  5:53  Extractor  
  69  5:54  Extractor  
  67  5:57  Spore Crawler  
  67  5:58  Spore Crawler, Drone x2  
  65  6:06  Drone x5  
  65  6:07  Drone  
  70  6:11  Roach x2  
  70  6:12  Zergling x2  
  70  6:17  Drone x2  
  77  6:24  Lair, Drone  
  77  6:25  Drone x3  
  81  6:27  Drone x3  
  81  6:29  Extractor  
  81  6:32  Spore Crawler, Queen  
  82  6:36  Overlord, Roach  
  86  6:43  Overlord, Drone x2  
  88  6:48  Roach  
  88  6:51  Drone x2  
  88  6:53  Zergling x2  
  88  6:54  Zergling x6  
  96  6:55  Evolution Chamber  
  96  6:56  Drone x2, Evolution Chamber  
  93  7:03  Drone x3  
  96  7:10  Hatchery  
  97  7:15  Roach  
  97  7:16  Roach x3  
  103  7:27  Glial Reconstitution  
  103  7:31  Roach x4  
  103  7:32  Overlord  
  111  7:42  Overlord x3  
  111  7:43  Overlord  
  111  7:57  Overlord  
  111  7:58  Overlord x4  
  111  8:02  Roach x6  
  129  8:05  Ravager x6  
  129  8:06  Ravager x3  
  129  8:07  Ravager  
  129  8:11  Roach x2  
  136  8:13  Overlord x2  
  136  8:19  Ravager x2  
  138  8:20  Roach x3  
  138  8:26  Queen  
  146  8:28  Queen  
  146  8:30  Roach x2  
  152  8:40  Roach x6  
  164  8:45  Roach  
  164  8:46  Roach x3  
  172  8:49  Roach  
  172  8:50  Roach  
  174  8:59  Ravager x2  
  174  9:01  Roach x6  
  180  9:08  Ravager  
Show
View Real Time Build Order
Export as new Build Order

BackupI Terran 

Build Orders: Liberator Opening, Reaper Expand 

Get SALT Encoding   

  12  0:00  SCV  
  13  0:13  SCV  
  14  0:19  Supply Depot  
  14  0:25  SCV  
  15  0:41  SCV  
  16  0:44  Barracks  
  16  0:46  Refinery  
  16  0:53  SCV  
  17  1:05  SCV  
  18  1:17  SCV  
  19  1:31  Orbital Command, Reaper  
  20  1:41  Command Center  
  20  1:53  Supply Depot  
  20  1:57  SCV  
  21  2:03  Marine  
  21  2:06  Factory  
  22  2:09  SCV  
  22  2:15  Refinery  
  23  2:21  SCV  
  24  2:24  Barracks Reactor  
  24  2:33  SCV  
  25  2:45  SCV  
  26  2:56  Orbital Command  
  26  2:57  SCV  
  27  3:00  Starport  
  27  3:06  Hellion x2  
  27  3:09  SCV, Barracks Tech Lab  
  32  3:21  SCV  
  32  3:22  SCV  
  34  3:28  Hellion x2  
  34  3:29  Marine, Liberator  
  34  3:33  SCV  
  40  3:35  SCV  
  40  3:37  Supply Depot  
  41  3:46  SCV  
  41  3:47  SCV  
  46  3:59  Marine, SCV x2  
  46  4:00  Siege Tank  
  46  4:01  Marine  
  53  4:02  Bunker  
  53  4:05  Bunker  
  53  4:06  Supply Depot  
  53  4:11  SCV x2  
  53  4:17  Marine  
  53  4:19  Marine  
  53  4:23  SCV x2  
  46  4:32  Siege Tank  
  46  4:35  Marine  
  46  4:40  Marine  
  46  4:42  Viking  
  46  4:43  SCV  
  46  4:45  SCV  
  50  4:53  Marine  
  50  4:56  SCV  
  50  4:57  SCV  
  50  4:58  Marine  
  47  5:19  SCV x2  
  44  5:33  Viking  
  43  5:36  SCV  
  43  5:37  SCV  
  43  5:39  Marine, Stimpack  
  46  5:44  Barracks  
  46  5:48  Barracks, Supply Depot, Factory Reactor  
  46  5:52  Refinery, Engineering Bay  
  46  6:03  Supply Depot  
  46  6:09  Starport Tech Lab  
  46  6:10  Marine, SCV x2  
  49  6:14  Barracks  
  49  6:17  Barracks  
  49  6:20  Terran Infantry Weapons Level 1  
  49  6:22  SCV x2  
  51  6:27  Marine  
  51  6:31  Marine x2  
  54  6:34  SCV x2, Refinery  
  54  6:36  Supply Depot  
  54  6:37  Supply Depot  
  56  6:42  Starport Reactor  
  56  6:43  Siege Tank  
  56  6:45  Marine  
  56  6:46  SCV x2  
  62  6:57  Marine x4  
  62  6:58  SCV x2, Supply Depot  
  62  7:00  Supply Depot  
  68  7:03  Barracks Reactor  
  68  7:06  Barracks Reactor  
  65  7:10  Marine  
  65  7:15  Marine x2, Siege Tank  
  72  7:16  SCV x2  
  72  7:19  Medivac x2  
  72  7:20  Marine  
  72  7:21  Marine  
  79  7:28  Marine, SCV  
  81  7:32  Supply Depot  
  81  7:33  Marine, Supply Depot  
  81  7:35  Marine  
  83  7:38  Marine  
  83  7:39  Marine x2  
  83  7:40  Marine  
  83  7:42  Marine  
  83  7:43  Marine  
  89  7:46  Marine  
  89  7:48  Combat Shield  
  89  7:51  Marine  
  89  7:53  Marine, Siege Tank  
  89  7:55  Marine, Medivac  
  96  7:58  Medivac  
  96  8:00  Marine x2  
  96  8:03  Marine x2  
  102  8:06  Marine  
  102  8:07  Marine  
  102  8:12  Marine  
  102  8:18  Supply Depot  
  103  8:20  Marine, Supply Depot  
  103  8:22  Marine x5  
  109  8:27  Marine  
  110  8:39  Marine  
  111  8:41  Supply Depot  
  111  8:42  Marine  
  112  8:49  Marine  
  102  8:57  Marine  
Tags
 
Add a new tag
Caveats
  • Supply blocks, unpowered buildings, or Contaminate may cause inaccurate times.
  • Supply counts are checked every 10 seconds.